 Dungeon Crawl Stone Soup version 0.32-a0-329-ge6c31236d6 (webtiles) character file.

Game seed: 9772344830805431265

212 PriceMaster the Magician (level 5, 0/24 HPs)
             Began as a Spriggan Conjurer on Feb 17, 2024.
             Was a Follower of Yredelemnul.
             Killed from afar by Pikel (11 damage)
             ... with a puff of flame
             ... on level 4 of the Dungeon.
             The game lasted 00:04:18 (3005 turns).

PriceMaster the Magician (Spriggan Conjurer)        Turns: 3005, Time: 00:04:19

Health: 0/24       AC:  3    Str:  3    XL:     5   Next: 58%
Magic:  11/13      EV: 17    Int: 22    God:    Yredelemnul [*.....]
Gold:   159        SH:  0    Dex: 13    Spells: 10/13 levels left

rFire   . . .        c - +0 short sword
rCold   . . .        (no shield)
rNeg    + . .        d - +1 robe {rN+}
rPois   .            (helmet restricted)
rElec   .            (no cloak)
rCorr   .            (gloves unavailable)
SInv    +            (boots unavailable)
Will    .....        (no amulet)
Stlth   +++          (no ring)
HPRegen 0.24/turn    (no ring)
MPRegen 0.13/turn

%: no passive effects
@: wreathed by umbra, very quick
A: very small, no large weapons, unfitting armour, see invisible, speed 3
a: Renounce Religion, Light the Black Torch, Recall Undead Harvest


You were on level 4 of the Dungeon.
You worshipped Yredelemnul.
Yredelemnul was noncommittal.
You visited 1 branch of the dungeon, and saw 4 of its levels.

You collected 159 gold pieces.

Inventory:

Hand Weapons
 c - a +0 short sword (weapon)
Armour
 a - a +0 robe
 d - a +1 robe of positive energy (worn)
Scrolls
 e - a scroll of butterflies {unknown}
 f - 2 scrolls of fear {unknown}
Potions
 g - a potion of cancellation
 h - a potion of heal wounds {unknown}
 i - a potion of might {unknown}
 k - a potion of lignification {unknown}


   Skills:
 + Level 0.1 Fighting
 + Level 1.2 Short Blades
 + Level 3.3 Dodging
 + Level 3.7 Stealth
 + Level 4.7 Spellcasting
 + Level 4.1 Conjurations


You had 10 spell levels left.
You knew the following spells:

 Your Spells              Type           Power      Damage    Failure   Level
a - Magic Dart            Conj           92%        1d7       1%          1
b - Searing Ray           Conj           46%        2d6       3%          2

Your spell library contained the following spells:

 Spells                   Type           Power      Damage    Failure   Level
 Momentum Strike          Conj/Tloc      28%        3d8       7%          2
 Blink                    Tloc           10%        N/A       16%         2
 Lesser Beckoning         Tloc           10%        N/A       16%         2
 Fulminant Prism          Conj/Alch      7%         3d7       41%         4
 Iskenderun's Mystic Bla  Conj/Tloc      14%        2d5       41%         4


Dungeon Overview and Level Annotations

Branches:
Dungeon (4/15)
 Temple: D:4-7

Altars:
Yredelemnul

Shops:
D:2 ?

Annotations:
D:4 Grinder, Pikel


Innate Abilities, Weirdness & Mutations

You are very small and have problems with some larger weapons.
You are too small for most types of armour.
You have supernaturally acute eyesight. (SInv)
You cover ground extremely quickly. (Speed+++)


Message History

Your wight hits the lemure with a +1 long sword!
The lemure attacks as it pursues you! The lemure barely misses you.
The lemure hits your wight.
Your phantom closely misses the lemure.
Your wight hits the lemure with a +1 long sword.
You see here 5 stones.
Casting: Searing Ray (safe; 3% risk of failure)
Confirm with . or Enter, or press ? or * to list all spells.
You don't know that spell.
You start resting.
There are monsters nearby!
There are monsters nearby!
Casting: Searing Ray (safe; 3% risk of failure)
Confirm with . or Enter, or press ? or * to list all spells.
Aiming: Searing Ray (safe; 3% risk of failure)
Press: ? - help, Shift-Dir - straight line, f - lemure
Aim: a lemure (severely wounded, 72% to hit)
The searing ray hits the lemure!
You kill the lemure!
That felt strangely unrewarding. (Press . to maintain the ray.) Unknown command.
You are too injured to fight recklessly!
You are too injured to fight recklessly!
Magic courses through your body.
Pikel zaps a wand.
The puff of flame hits you!
* * * LOW HITPOINT WARNING * * *
It was a potion of curing.
You feel better.
Casting: Searing Ray (safe; 3% risk of failure)
Confirm with . or Enter, or press ? or * to list all spells.
Aiming: Searing Ray (safe; 3% risk of failure)
Press: ? - help, Shift-Dir - straight line, f - Pikel
Aim: Pikel, wielding a +1 whip of freezing, wearing a +1 robe of positive energy and carrying a wand of flame (72% to hit)
The searing ray hits Pikel but does no damage. (Press . to maintain the ray.)
The searing ray hits Pikel.
Pikel is lightly wounded.
Pikel zaps a wand.
The puff of flame hits you!
You die...
Pikel says, "Another soul for the market."
Your body rises from the dead as a mindless zombie.

#########
#.K..@..#
#.#####.# #.#
#.######
#####.#####......#
#(......#........#
#5###...#.#......#
#.# ###>..#......#
#5#####.#<..######
#.5...#.#.###


You could see Pikel.

Vanquished Creatures
  An ice beast (D:3)
  2 lemures (D:4)
  2 adders
  A ribbon worm (D:2)
  An orc (D:3)
  5 endoplasms
  6 goblins
  6 hobgoblins
  9 jackals
  2 quokkas
  5 ball pythons
  2 bats
  3 frilled lizards
  4 kobolds
  7 rats
56 creatures vanquished.

Vanquished Creatures (collateral kills)
  A ball python (D:3)
  An endoplasm (D:3)
  A hobgoblin (D:3)
3 creatures vanquished.

Vanquished Creatures (others)
  An adder zombie (D:3)
1 creature vanquished.

Grand Total: 60 creatures vanquished

Notes
Turn   | Place    | Note
-------+----------+-------------------------------------------
     0 | D:1      | PriceMaster the Spriggan Conjurer began the quest for the
                  | Orb.
     0 | D:1      | Reached XP level 1. HP: 9/9 MP: 5/5
   241 | D:1      | Reached XP level 2. HP: 10/13 MP: 6/6
   640 | D:1      | Reached XP level 3. HP: 16/16 MP: 4/8
  1136 | D:2      | Learned a level 2 spell: Searing Ray
  1483 | D:2      | Reached XP level 4. HP: 21/21 MP: 5/10
  1548 | D:2      | Found The Oracle's Delphic Readings.
  1857 | D:2      | Found a faded altar of an unknown god.
  1937 | D:2      | Prayed at the altar of an unknown god.
  1937 | D:2      | Became a worshipper of Yredelemnul the Fallen
  1937 | D:2      | Reached * piety under Yredelemnul
  2677 | D:3      | Noticed an ice beast
  2700 | D:3      | Killed an ice beast
  2701 | D:3      | Reached skill level 1 in Short Blades
  2701 | D:3      | Reached XP level 5. HP: 16/24 MP: 5/13
  2954 | D:4      | Noticed Pikel
  2954 | D:4      | Noticed a lemure
  2955 | D:4      | Noticed a lemure
  2956 | D:4      | Noticed a lemure
  2965 | D:4      | Noticed a lemure
  2978 | D:4      | Noticed Grinder
  2979 | D:4      | Killed a lemure
  2994 | D:4      | Killed a lemure
  3005 | D:4      | Killed from afar by Pikel

Illustrated notes

Levels and vault maps discovered:
D:1:      tarquinn_simple_flora_water_b, layout_basic
D:2:      layout_loops_ring, basic_ecumenical_altar, st_stairs_13,
          nicolae_nh_oracle_at_delphi
D:3:      layout_basic, minmay_hedge_maze
D:4:      layout_basic, serial_shops, nicolae_shop_rolled_up, uniq_pikel,
          uniq_grinder

Skill      XL: |  1  2  3  4 |
---------------+-------------+-----
Conjurations   | 3 4 |  4.1
Spellcasting   | 3 4 |  4.7
Dodging        | 3 |  3.3
Short Blades   | 1 |  1.2
Fighting       | |  0.1
Stealth        | |  3.7

Action                     |  1- 3 |  4- 6 || total
---------------------------+-------+-------++-------
  Melee: Short sword       |    22 |    22 ||    44
   Cast: Magic Dart        |    63 |    39 ||   102
         Searing Ray       |     2 |     6 ||     8
 Invoke: Light the Black T |       |     2 ||     2
    Use: Scroll            |       |     2 ||     2
         Potion            |       |     2 ||     2
 Armour: Robe              |    10 |    10 ||    20
  Dodge: Dodged            |    16 |    25 ||    41

Table legend: (Time is in decaauts)
 A = Elapsed time spent in this place.
 B = Non-inter-level travel time spent in this place.
 C = Inter-level travel time spent in this place.
 D = Time resting spent in this place.
 E = Time spent auto-exploring this place.
 F = Levels seen in this place.
 G = Mean time per level.
                   A        B        C        D        E       F      G
               +--------+--------+--------+--------+--------+-----+--------+
         Total |   2297 |   2255 |     42 |    135 |   1802 |   4 |  574.2 |
       Dungeon |   2297 |   2255 |     42 |    135 |   1802 |   4 |  574.2 |
               +--------+--------+--------+--------+--------+-----+--------+

Top non-repeatable levels by time:
     D:2: 864 daAuts
     D:1: 861 daAuts
     D:3: 517 daAuts
     D:4: 54 daAuts
